 Dungeon Sprint DCSS version 0.27-a0-156-gbcd94eb011 (webtiles) character file.

Game seed: 6044867989658254981

47 mhtbhm the Insei (level 3, -4/23 HPs)
             Began as an Octopode Transmuter on Jan 28, 2021.
             Killed from afar by a white imp (9 damage)
             ... with a puff of frost
             ... in the Dungeon (Sprint IX: "|||||||||||||||||||||||||||||").
             The game lasted 00:00:17 (314 turns).

mhtbhm the Insei (Octopode Transmuter)               Turns: 314, Time: 00:00:17

Health: -4/23      AC:  1    Str: 10    XL:     3   Next: 70%
Magic:  3/7        EV: 14    Int: 15    God:
Gold:   0          SH:  0    Dex: 12    Spells: 7/8 levels left

rFire    . . .     SeeInvis .     - Unarmed
rCold    . . .     Faith    .   (no shield)
rNeg     . . .     Spirit   .   (helmet currently unavailable)
rPois    .         Reflect  .   (no amulet)
rElec    .         Harm     .   (no ring)
rCorr    .         Rampage  .   (no ring)
Will     .....     NoTele   +   (no ring)
Stlth    ++........             (no ring)
HPRegen  0.07/turn              (no ring)
MPRegen  0.10/turn              (no ring)
                                (no ring)
                                (no ring)

@: appendages (expiring)
A: almost no armour, stealthy swim, amphibious, 8 rings, constrict 8, tentacle
spike 3, camouflage 1, gelatinous body 1
a: End Transformation


You were in the Dungeon.
One of your tentacles had a temporary spike.
You visited 1 branch

Inventory:

Scrolls
 g - a scroll of blinking
Potions
 b - a potion of curing
 d - a potion of haste
 e - 2 potions of magic
 f - a potion of berserk rage


   Skills:
 + Level 1.1 Fighting
 + Level 3.0 Dodging
 + Level 0.4 Stealth
 + Level 6.0 Unarmed Combat
 + Level 3.1 Spellcasting
 + Level 3.0 Transmutations


You had 7 spell levels left.
You knew the following spells:

 Your Spells              Type           Power        Failure   Level
a - Beastly Appendage     Tmut           22%          5%          1

Your spell library contained the following spells:

 Spells                   Type           Power        Failure   Level
 Wereblood                Tmut           11%          9%          2
 Spider Form              Tmut/Pois      3%           32%         3
 Ice Form                 Ice/Tmut       6%           71%         4
 Blade Hands              Tmut           5%           83%         5


Dungeon Overview and Level Annotations

Branches:
Dungeon (1/1)

Altars:


Innate Abilities, Weirdness & Mutations

You cannot wear most types of armour.
You are very stealthy in the water. (Stealth+)
You are amphibious.
You can wear up to eight rings at the same time.
You can use your tentacles to constrict eight enemies at once.
Your skin changes colour to match your surroundings (Stealth+).
Your rubbery body absorbs attacks. (AC +1, EV +1)
One of your tentacles bears a large vicious spike.


Message History

Your Dodging skill increases to level 3!
Your Unarmed Combat skill increases to level 5!
Your Spellcasting skill increases to level 3!
Your Transmutations skill increases to level 3!
You have reached level 2!
You have reached level 3!
Your experience leads to an increase in your attributes!
Increase (S)trength, (I)ntelligence, or (D)exterity?
You feel stronger.
Unknown command.
You bludgeon the ufetubus!
You kill the ufetubus!
The white imp gestures at you. The puff of frost hits you!
* * * LOW HITPOINT WARNING * * *
Your Unarmed Combat skill increases to level 6!
The white imp puffs mist at you. The white imp gestures at you.
The puff of frost hits you!
You die...

▓+▓
▓Z▓
▓Z▓
▓5▓
▓.▓
▓@▓
▓'▓
▓.▓
▓.▓
▓.▓
▓.▓
▓.▓
▓)▓
▓.▓


You could see a white imp, an adder zombie and an adder skeleton.

Vanquished Creatures
  A howler monkey (D)
  An ufetubus (D)
  A bat (D)
  3 hobgoblins (D)
  A frilled lizard (D)
7 creatures vanquished.

Notes
Turn   | Place    | Note
-------+----------+-------------------------------------------
     0 | D        | mhtbhm the Octopode Transmuter began the quest for the Orb.
     0 | D        | Reached XP level 1. HP: 13/13 MP: 3/3
    16 | D        | Reached skill level 4 in Unarmed Combat
   306 | D        | Noticed a howler monkey
   312 | D        | Killed a howler monkey
   313 | D        | Reached skill level 5 in Unarmed Combat
   313 | D        | Reached XP level 2. HP: 11/18 MP: 3/6
   313 | D        | Reached XP level 3. HP: 15/23 MP: 3/7
   314 | D        | Reached skill level 6 in Unarmed Combat
   314 | D        | Killed from afar by a white imp

Illustrated notes

Levels and vault maps discovered:
D:        linesprint [early_d, line_temple, items_1, d_10, items_2, lair_1,
          lair_end, items_3, orc_1, orc_end, items_4, d_15, swamp_1, shoals_1,
          snake_1, spider_1, d_20, vaults_1, items_5, swamp_end, shoals_end,
          snake_end, spider_end, vaults_end, d_27, items_6, zot_1, zot_end,
          crypt_end, forest_end, elf_end, slime_end, tomb_end, abyss_end,
          pan_hell_end]

Skill      XL: |  1  2  3 |
---------------+----------+-----
Unarmed Combat | 5 6 |  6.0
Dodging        | 3 |  3.0
Spellcasting   | 3 |  3.1
Transmutations | 3 |  3.0
Fighting       | |  1.1
Stealth        | |  0.4

Action                   || total
-------------------------++-------
Melee: Unarmed           ||    16
       Constrict         ||     5
       Kick              ||     5
       Tentacles         ||     3
 Cast: Beastly Appendage ||     2
  Use: Potion            ||     1
Dodge: Dodged            ||     7

Table legend: (Time is in decaauts)
 A = Elapsed time spent in this place.
 B = Non-inter-level travel time spent in this place.
 C = Inter-level travel time spent in this place.
 D = Time resting spent in this place.
 E = Time spent auto-exploring this place.
 F = Levels seen in this place.
 G = Mean time per level.
                   A        B        C        D        E       F      G
               +--------+--------+--------+--------+--------+-----+--------+
         Total |    313 |    313 |      0 |    283 |      0 |   1 |  313.0 |
       Dungeon |    313 |    313 |      0 |    283 |      0 |   1 |  313.0 |
               +--------+--------+--------+--------+--------+-----+--------+

Top non-repeatable levels by time:
       D: 313 daAuts
